 Dungeon Crawl Stone Soup version 0.18-a0-1586-g58c38cf (webtiles) character file.

25 Geeful the Insei (level 3, 0/23 HPs)
             Began as an Octopode Transmuter on Mar 18, 2016.
             Slain by Terence
             ... wielding a cursed +0 flail
              (7 damage)
             ... on level 2 of the Dungeon.
             The game lasted 00:02:22 (1137 turns).

Geeful the Insei (Octopode Transmuter)              Turns: 1137, Time: 00:02:23

Health: 0/23       AC:  1    Str:  7 (9)  XL:     3   Next: 6%
Magic:  6/6        EV: 12    Int: 14 (16) God:
Gold:   62         SH:  0    Dex:  9 (12) Spells: 1 memorised, 6 levels left

rFire  . . .     SeeInvis .     e - -1 dagger (curse)
rCold  . . .     Gourm    .     (no shield)
rNeg   . . .     Faith    .     (helmet restricted)
rPois  .         Spirit   .     (no amulet)
rElec  .         Dismiss  .     (no ring)
rCorr  .         Reflect  .     (no ring)
SustAt .         Harm     .     (no ring)
MR     .....                    (no ring)
Stlth  ++........               (no ring)
                                (no ring)
                                (no ring)
                                (no ring)

@: very slightly contaminated, not resistant to hostile enchantments, unstealthy
A: almost no armour, amphibious, 8 rings, constrict 8, camouflage 1, gelatinous
body 1
a: no special abilities


You were on level 2 of the Dungeon.
You were hungry.

You visited 1 branch of the dungeon, and saw 2 of its levels.

You collected 62 gold pieces.

Inventory:

Hand Weapons
 e - a cursed -1 dagger (weapon)
Missiles
 a - 12 arrows
Scrolls
 k - 2 scrolls of identify
 m - 3 scrolls of noise {unknown}
Potions
 d - a potion of ambrosia
 i - a potion of curing {unknown}
 j - a potion of beneficial mutation {unknown}
Books
 b - a book of Changes

   Spells                             Type                      Level
   a - Beastly Appendage              Transmutation                1
   b - Sticks to Snakes               Transmutation                2
   c - Spider Form                    Transmutation/Poison         3
   d - Ice Form                       Ice/Transmutation            4
   e - Blade Hands                    Transmutation                5
Comestibles
 c - a bread ration
 l - a beef jerky


   Skills:
 - Level 1.0 Fighting
 - Level 2.0 Dodging
 - Level 3.0 Unarmed Combat
 + Level 2.5 Spellcasting
 + Level 2.9 Transmutations


You had 6 spell levels left.
You knew the following spells:

 Your Spells              Type           Power        Failure   Level  Hunger
a - Beastly Appendage     Trmt           ##....       10%         1    #......


Dungeon Overview and Level Annotations

Branches:
Dungeon (2/15)

Altars:

Annotations:
D:2 Terence


Innate Abilities, Weirdness & Mutations

You cannot wear most types of armour.
You are amphibious.
You can wear up to eight rings at the same time.
You can use your tentacles to constrict eight enemies at once.
Your skin changes colour to match your surroundings (Stealth).
Your rubbery body absorbs attacks (AC +1).


Message History

You hit Terence but do no damage.
You tentacle-slap Terence, but do no damage.
Terence is severely wounded.
You feel yourself slow down.
You constrict Terence. Terence hits you with a flail.
You hit Terence but do no damage.
Terence is almost dead.
You constrict Terence, but do no damage.
Terence barely misses you.
You hit Terence but do no damage.
Terence is almost dead.
You constrict Terence. Terence misses you.
You hit Terence but do no damage.
Terence is almost dead.
You constrict Terence, but do no damage.
You hit Terence but do no damage.
Terence is almost dead.
You constrict Terence, but do no damage.
Terence hits you with a flail!
You die...

l.##......#
........###.# #..#
#...<..... #..
#......# #..
####......# #..
......#.#.# #.#
####..hhh.# #.#
####@### #.# ##@##
##.# ##>(.## #..##
##.....## ###.#.##
##.......##
##......####.........#
...........'.........+
##.#....####.........#
#.#.#..# ##.......##
#...##.# ##.....##


You could see Terence and 3 jackals.

Vanquished Creatures
  A worm (D:2)
  2 giant geckos
  2 giant cockroaches (D:1)
  2 hobgoblins (D:1)
  3 bats (D:1)
  2 giant newts (D:1)
  5 kobolds
  4 rats
21 creatures vanquished.

Notes
Turn   | Place    | Note
--------------------------------------------------------------
     0 | D:1      | Geeful the Octopode Transmuter began the quest for the Orb.
     0 | D:1      | Reached XP level 1. HP: 13/13 MP: 3/3
   322 | D:1      | Reached XP level 2. HP: 18/18 MP: 5/5
  1079 | D:2      | Noticed Terence
  1090 | D:2      | Reached XP level 3. HP: 17/23 MP: 6/6
  1137 | D:2      | Slain by Terence

Vault maps used:
D:1:      dpeg_arrival_sounds_slurp
D:2:      old_standard_altar, uniq_terence

Action                   || total
-------------------------++-------
Melee: Dagger            ||    96
       Unarmed           ||     4
  Use: Scroll            ||     1
       Potion            ||     3
 Stab: Sleeping          ||     2
       Distracted        ||     1
